Map: Blackpink LE

Players

MaNa

  • Race: Protoss Protoss
  • Spawn Location: 1:00

Zanster - Winner!

  • Race: Zerg Zerg
  • Spawn Location: 7:00

Event: IEM Season 12 - Katowice

VOD

Have the link to the VOD?

Description

Time

  • Played on: Feb. 26, 2018, 9:49 a.m.
  • Length: 14:47

All games in this series

Show
View Real Time Build Order
Export as new Build Order

MaNa Protoss 

Build Orders: 1 Gate Expand, Oracle Opening 

Get SALT Encoding   

  12  0:00  Probe  
  13  0:12  Probe  
  14  0:17  Pylon  
  14  0:24  Probe (Chrono Boost)  
  15  0:36  Probe (Chrono Boost)  
  15  0:38  Assimilator  
  16  0:45  Probe (Chrono Boost)  
  16  0:48  Gateway  
  17  0:51  Probe (Chrono Boost)  
  18  1:03  Probe (Chrono Boost)  
  19  1:11  Probe (Chrono Boost)  
  20  1:28  Nexus  
  20  1:36  Cybernetics Core  
  20  1:39  Probe  
  21  1:46  Assimilator  
  21  1:51  Probe  
  22  1:54  Pylon  
  22  2:03  Probe  
  23  2:11  Adept (Chrono Boost)  
  23  2:15  Stargate  
  25  2:18  Probe  
  26  2:23  Warp Gate  
  26  2:30  Probe  
  26  2:32  Adept  
  29  2:40  Probe  
  29  2:42  Probe  
  30  2:59  Gateway  
  30  3:01  Shield Battery  
  30  3:06  Void Ray (Chrono Boost)  
  30  3:12  Probe  
  35  3:15  Probe  
  36  3:20  Adept  
  36  3:24  Probe  
  39  3:30  Probe  
  40  3:38  Probe, Shield Battery  
  39  3:41  Oracle (Chrono Boost)  
  39  3:46  Probe  
  43  3:50  Probe  
  43  3:52  Assimilator  
  44  3:55  Assimilator  
  44  3:58  Probe  
  44  3:59  Pylon  
  44  4:02  Probe  
  46  4:05  Robotics Facility  
  50  4:17  Probe (Chrono Boost), Pylon, Oracle  
  50  4:20  Probe (Chrono Boost)  
  51  4:28  Probe (Chrono Boost)  
  51  4:31  Adept  
  54  4:33  Pylon  
  54  4:38  Adept  
  54  4:39  Probe x2  
  58  4:51  Probe x2  
  60  4:54  Observer  
  60  4:58  Sentry  
  60  4:59  Sentry  
  65  5:01  Pylon  
  65  5:03  Probe x2  
  66  5:15  Probe  
  66  5:16  Probe  
  68  5:32  Nexus  
  65  5:39  Probe x2  
  65  5:41  Immortal  
  59  5:44  Robotics Facility, Twilight Council  
  59  5:48  Oracle  
  62  5:55  Adept  
  64  6:01  Shield Battery  
  64  6:03  Probe x2  
  65  6:06  Robotics Bay  
  65  6:09  Adept  
  67  6:18  Probe x2  
  67  6:21  Charge  
  67  6:24  Gateway  
  67  6:25  Immortal  
  69  6:30  Probe x2  
  71  6:38  Immortal  
  75  6:42  Probe x2  
  75  6:46  Zealot  
  75  6:47  Zealot  
  81  6:57  Shield Battery  
  81  7:04  Colossus (Chrono Boost)  
  80  7:09  Zealot  
  80  7:14  Probe  
  80  7:15  Probe x2  
  79  7:22  Sentry, Colossus (Chrono Boost)  
  77  7:27  Probe x3  
  86  7:30  Stalker  
  88  7:50  Templar Archives  
  88  7:51  Zealot x2  
  92  8:00  Pylon  
  92  8:01  Pylon  
  92  8:03  Assimilator  
  92  8:05  Probe, Assimilator  
  93  8:07  Pylon  
  93  8:10  Gateway  
  93  8:12  Gateway x2  
  93  8:18  Warp Prism  
  101  8:22  Gateway  
  101  8:25  Gateway  
  101  8:27  Probe x2  
  101  8:32  Zealot, High Templar x2  
  108  8:35  Pylon  
  108  8:36  Pylon  
  108  8:39  Colossus  
  108  8:49  Probe  
  109  9:02  Archon  
  109  9:04  Psionic Storm  
  109  9:10  High Templar x4  
  109  9:11  Zealot x2  
  109  9:16  Archon x2  
  121  9:18  Blink (Chrono Boost)  
  121  9:26  Probe x2  
  121  9:30  Pylon  
  123  9:33  Nexus  
  123  9:38  Zealot  
  123  9:40  Pylon  
  123  9:43  Pylon  
  125  9:48  Pylon  
  125  9:52  Observer  
  123  10:00  High Templar x3  
  123  10:02  Shield Battery  
  123  10:05  Shield Battery, High Templar  
  129  10:08  Zealot x4  
  129  10:10  Shield Battery  
  129  10:12  Gateway  
  129  10:13  Pylon, Gateway  
  137  10:14  Gateway  
  125  10:40  Probe x3  
  120  10:53  Probe, Extended Thermal Lance  
  120  10:54  Probe x2  
  123  10:57  Gateway x2  
  123  10:58  High Templar x3  
  123  10:59  High Templar  
  123  11:00  Probe  
  132  11:05  Probe  
  132  11:06  Probe x2  
  131  11:16  Probe  
  131  11:18  Probe x3, Archon  
  119  11:26  Stalker x4  
  119  11:29  Probe  
  119  11:30  Probe x3  
  129  11:37  Stalker x4  
  121  11:41  Probe  
  121  11:42  Probe  
  109  11:53  Zealot x5  
  101  11:55  Immortal  
  101  11:58  Probe x4  
  105  12:04  High Templar x2  
  109  12:10  Probe x3, Assimilator  
  109  12:14  High Templar  
  114  12:20  Assimilator  
  114  12:25  High Templar  
  114  12:29  Probe x3  
  115  12:44  Colossus (Chrono Boost)  
  115  12:45  Colossus (Chrono Boost)  
  127  12:52  Zealot x2  
  127  12:53  Zealot x4  
  127  12:57  Gateway  
  139  13:03  Zealot x3  
  117  13:22  Zealot, High Templar x2  
  117  13:23  Zealot  
  119  13:29  Archon  
  119  13:31  Zealot x4  
  112  13:38  Probe x3  
  107  13:43  High Templar x2  
  103  13:56  Stalker x4  
  103  14:00  Probe x4  
  102  14:06  Sentry  
  104  14:11  Pylon  
  104  14:12  Probe  
  105  14:20  High Templar x2  
  109  14:24  Stalker x3  
  109  14:26  Stalker  
  103  14:44  Archon  
Show
View Real Time Build Order
Export as new Build Order

Zanster Zerg - Winner!

Build Orders: Hatch First, Brood Lord Corruptor 

Get SALT Encoding   

  12  0:00  Drone  
  13  0:12  Overlord  
  13  0:17  Drone  
  14  0:30  Drone  
  14  0:31  Drone  
  14  0:35  Drone  
  17  0:50  Drone  
  17  0:56  Hatchery  
  17  0:57  Drone  
  18  1:05  Extractor  
  17  1:12  Spawning Pool  
  17  1:15  Drone  
  17  1:19  Drone  
  18  1:28  Drone  
  19  1:39  Drone  
  20  1:54  Overlord  
  20  2:01  Queen  
  20  2:06  Metabolic Boost  
  22  2:10  Queen  
  22  2:12  Zergling x6  
  27  2:32  Hatchery  
  26  2:38  Zergling x4  
  26  2:42  Zergling x2  
  29  2:50  Drone x3  
  32  2:54  Overlord  
  32  2:57  Drone  
  33  3:02  Drone  
  34  3:05  Drone  
  34  3:10  Drone  
  36  3:14  Overlord  
  36  3:16  Drone x2  
  38  3:20  Drone  
  38  3:21  Drone  
  38  3:24  Drone  
  38  3:25  Drone  
  42  3:27  Drone  
  42  3:30  Drone  
  42  3:39  Drone  
  42  3:40  Drone  
  43  3:46  Spore Crawler  
  44  3:50  Spore Crawler, Queen  
  44  3:53  Drone  
  44  3:55  Drone  
  44  3:56  Drone x4  
  44  4:01  Drone  
  44  4:02  Drone  
  51  4:07  Spore Crawler  
  51  4:08  Overlord  
  51  4:09  Drone  
  51  4:12  Evolution Chamber  
  51  4:15  Drone  
  51  4:18  Extractor  
  51  4:22  Drone  
  51  4:23  Drone x6  
  56  4:27  Overlord  
  56  4:32  Queen  
  56  4:35  Lair  
  58  4:41  Zerg Melee Weapons Level 1  
  58  4:42  Overlord  
  58  4:45  Drone x2  
  60  4:51  Drone x3, Baneling Nest  
  60  4:52  Drone  
  63  4:56  Overlord  
  63  5:00  Zergling x8  
  63  5:03  Zergling x4  
  69  5:09  Zergling x6  
  69  5:10  Zergling x4  
  74  5:14  Queen  
  76  5:27  Zergling x10  
  76  5:31  Zergling x4  
  76  5:32  Zergling x4  
  74  5:36  Drone  
  72  5:44  Drone  
  72  5:45  Drone  
  72  5:47  Overlord  
  72  5:48  Overlord x2  
  74  5:50  Hydralisk Den  
  73  6:00  Drone  
  73  6:01  Overlord  
  73  6:05  Drone  
  73  6:06  Drone x6  
  73  6:07  Drone  
  73  6:09  Centrifical Hooks  
  73  6:11  Overlord  
  80  6:14  Overseer  
  80  6:17  Zergling x6  
  82  6:19  Extractor  
  82  6:20  Extractor  
  82  6:24  Extractor, Zergling x2  
  82  6:25  Zergling x4  
  79  6:28  Grooved Spines  
  79  6:31  Extractor  
  78  6:37  Drone x5  
  83  6:42  Hatchery  
  83  6:43  Drone  
  83  6:44  Drone x5  
  83  6:45  Evolution Chamber  
  83  6:46  Drone x3  
  90  6:57  Zerg Melee Weapons Level 2  
  90  6:59  Overlord  
  90  7:03  Hatchery  
  90  7:05  Zergling x10  
  90  7:07  Zergling x4  
  87  7:16  Zergling x14  
  87  7:22  Spire  
  90  7:25  Drone x3  
  93  7:31  Drone  
  93  7:34  Zerg Missile Weapons Level 1  
  94  7:39  Drone x5, Muscular Augments  
  94  7:44  Drone x2  
  100  7:56  Drone x4  
  100  7:57  Spore Crawler  
  99  8:01  Hydralisk x4  
  107  8:06  Hydralisk x5  
  107  8:12  Hydralisk  
  117  8:13  Hydralisk x3, Zergling x2  
  117  8:16  Extractor  
  124  8:21  Overlord  
  123  8:40  Drone x3  
  125  8:44  Overlord  
  125  8:56  Hydralisk  
  125  8:57  Zergling x18  
  125  8:58  Zergling x2  
  125  8:59  Corruptor  
  125  9:00  Corruptor  
  125  9:01  Overlord  
  125  9:02  Overlord x4  
  141  9:08  Corruptor  
  141  9:09  Corruptor x4  
  149  9:17  Baneling x9  
  149  9:18  Baneling x6  
  149  9:20  Corruptor x3  
  149  9:23  Corruptor  
  157  9:24  Overlord x2  
  157  9:33  Zergling x2  
  157  9:34  Zergling x20  
  157  9:35  Overseer  
  168  9:40  Zergling x8  
  168  9:41  Zergling x2  
  168  9:45  Infestation Pit  
  172  9:46  Zerg Missile Weapons Level 2  
  172  9:49  Extractor  
  172  9:52  Drone x2  
  172  9:53  Drone  
  173  10:04  Zergling x26  
  185  10:08  Baneling x8  
  185  10:20  Zergling x8  
  185  10:21  Zergling x4  
  186  10:29  Baneling x7  
  186  10:30  Hydralisk  
  186  10:31  Zergling x6  
  191  10:36  Hive, Zerg Ground Armor Level 1  
  188  10:48  Zergling x20  
  197  10:52  Overlord  
  194  10:57  Baneling x12  
  194  10:58  Baneling x10  
  191  11:14  Hydralisk  
  191  11:15  Zergling x18  
  197  11:20  Zergling x2  
  197  11:21  Zergling x6  
  197  11:23  Baneling x7  
  197  11:24  Overlord, Baneling x4  
  185  11:38  Hydralisk x2  
  185  11:39  Zergling x26  
  185  11:45  Hydralisk x6  
  185  11:46  Zergling x4  
  183  11:51  Hydralisk x2  
  176  11:56  Zergling x2  
  176  12:00  Hydralisk x2  
  179  12:03  Greater Spire  
  179  12:04  Adrenal Glands  
  179  12:07  Zergling x4  
  181  12:09  Baneling x7  
  181  12:13  Extractor  
  181  12:14  Drone x3  
  182  12:17  Zergling x10  
  182  12:18  Zergling x6  
  190  12:24  Hatchery  
  190  12:25  Zergling x2  
  190  12:26  Zergling x4  
  191  12:39  Hatchery  
  191  12:42  Zergling x16  
  191  12:43  Zergling x4  
  199  12:56  Baneling x5  
  187  13:16  Hydralisk, Zergling x2  
  187  13:17  Zergling x42  
  199  13:26  Hydralisk x3  
  193  13:27  Zergling x8  
  193  13:28  Zergling x4  
  193  13:33  Hydralisk  
  183  13:34  Zergling x20  
  185  13:42  Brood Lord x3  
  185  13:45  Brood Lord  
  191  13:55  Brood Lord x3  
  188  13:56  Brood Lord  
  183  14:04  Brood Lord  
  183  14:05  Brood Lord  
  183  14:06  Brood Lord  
  183  14:08  Baneling x4  
  189  14:10  Overseer  
  189  14:11  Overseer  
  189  14:13  Baneling x2  
  189  14:14  Baneling  
  189  14:15  Zergling x4  
  189  14:16  Zergling x2  
  191  14:23  Zergling x2  
  191  14:24  Zergling x12  
  198  14:26  Baneling x3  

Tags
 
Add a new tag
Caveats
  • Supply blocks, unpowered buildings, or Contaminate may cause inaccurate times.
  • Supply counts are checked every 10 seconds.